 Dungeon Crawl Stone Soup version 0.25-a0-403-g49d089a364 (console) character file.

Game seed: 7437473122180678343, levelgen mode: deterministic

4 Ignak the Magician (level 1, 0/13 HPs)
             Began as a Gnoll Wizard on Jan 9, 2020.
             Slain by a hobgoblin (4 damage)
             ... on level 1 of the Dungeon.
             The game lasted 00:00:42 (162 turns).

Ignak the Magician (Gnoll Wizard)                    Turns: 162, Time: 00:00:43

Health: 0/13       AC:  2    Str:  9    XL:     1   Next: 60%
Magic:  8/8        EV: 14    Int: 20    God:
Gold:   0          SH:  0    Dex: 13    Spells: 13/14 levels left

rFire    . . .     SeeInvis .   (no weapon)
rCold    . . .     Gourm    .   (no shield)
rNeg     . . .     Faith    .   a - +0 robe
rPois    .         Spirit   .   b - +0 hat
rElec    .         Reflect  .   (no cloak)
rCorr    .         Harm     .   (no gloves)
MR       .....                  (no boots)
Stlth    ++........             (no amulet)
HPRegen  0.04/turn              (no ring)
MPRegen  0.11/turn              (no ring)

@: no status effects
A: distributed training, fangs 1, strong nose
a: no special abilities


You were on level 1 of the Dungeon.
You were not hungry.

You visited 1 branch of the dungeon, and saw 1 of its levels.

Inventory:

Missiles
 g - 10 poisoned darts (quivered)
Armour
 a - a +0 robe (worn)
 b - a +0 hat (worn)
Scrolls
 e - a scroll of enchant armour {unknown}
Potions
 c - a potion of lignification {unknown}
Comestibles
 d - a ration
 f - 2 chunks of flesh


   Skills:
 + Level 0.0 Fighting
 + Level 0.0 Short Blades
 + Level 0.0 Long Blades
 + Level 0.0 Axes
 + Level 0.0 Maces & Flails
 + Level 0.0 Polearms
 + Level 0.0 Staves
 + Level 0.0 Slings
 + Level 0.0 Bows
 + Level 0.0 Crossbows
 + Level 0.0 Throwing
 + Level 0.0 Armour
 + Level 4.4 Dodging
 + Level 4.0 Stealth
 + Level 0.0 Shields
 + Level 0.0 Unarmed Combat
 + Level 7.0 Spellcasting
 + Level 1.9 Conjurations
 + Level 0.0 Hexes
 + Level 0.0 Charms
 + Level 1.9 Summonings
 + Level 0.0 Necromancy
 + Level 1.9 Translocations
 + Level 0.0 Transmutations
 + Level 0.0 Fire Magic
 + Level 0.0 Ice Magic
 + Level 0.0 Air Magic
 + Level 0.0 Earth Magic
 + Level 0.0 Poison Magic
 + Level 0.1 Invocations
 + Level 0.0 Evocations


You had 13 spell levels left.
You knew the following spells:

 Your Spells              Type           Power        Failure   Level  Hunger
a - Magic Dart            Conj           ##..         4%          1    None

Your spell library contained the following spells:

 Spells                   Type           Power        Failure   Level  Hunger
 Blink                    Tloc           N/A          6%          2    None
 Call Imp                 Summ           ##......     6%          2    None
 Slow                     Hex            #.......     14%         2    None
 Conjure Flame            Conj/Fire      ##......     19%         3    #......
 Mephitic Cloud           Conj/Pois/Air  #.......     22%         3    #......


Dungeon Overview and Level Annotations

Branches:
Dungeon (1/15)

Altars:


Innate Abilities, Weirdness & Mutations

Your experience applies equally to all skills.
You have very sharp teeth.
Your uncanny sense of smell can sniff out nearby items.


Message History

The giant cockroach waves its antennae.
The giant cockroach bites the plant but does no damage.
Throwing (i - inventory)
g - 12 poisoned darts (quivered)
Press: ? - help, Shift-Dir - straight line, f/p - hobgoblin
Aim: a hobgoblin (severely wounded)
You throw a poisoned dart.
The poisoned dart barely misses the hobgoblin.
The poisoned dart hits the plant.
The ooze hits the plant but does no damage.
The hobgoblin misses you.
The giant cockroach bites the plant but does no damage.
Throwing (i - inventory)
g - 11 poisoned darts (quivered)
Press: ? - help, Shift-Dir - straight line, f/p - hobgoblin
Aim: a hobgoblin (severely wounded)
You throw a poisoned dart.
The poisoned dart barely misses the hobgoblin.
The poisoned dart hits the giant cockroach.
The giant cockroach bites the plant but does no damage.
The hobgoblin hits you.
You die... ..PPPPPPPPPPPPPPPPP... ..PPPPPP..<..PPPPPP# .bPPPP..PPPPP..PPPP# .bPPP.PPP...PPP.PPP# ..PPP.PP.PPP.PPJPPP# ..PP.PP.PP.PP.PP.PP# ..PP.P.PP.P.PP.PsPP# ..PP.P.P.PPP.P.PgPP# ..PP.P.PP.P.PP.P@PP# ..PP.PP.PP.PP.PP.PP# ##PPP(PP.PPP.PP.PPP# #PPP(PPP...PPP.PPP# #PPPP..PPPPP..PPPP# #PPPPPP.....PPPPPP# #PPPPPPPP.PPPPPPPP# #########.###....## #...รท....#

You could see an ooze, a giant cockroach and a hobgoblin.

Vanquished Creatures
  3 jackals (D:1)
3 creatures vanquished.

Notes
Turn   | Place    | Note
-------+----------+-------------------------------------------
     0 | D:1      | Ignak the Gnoll Wizard began the quest for the Orb.
     0 | D:1      | Reached XP level 1. HP: 13/13 MP: 8/8
   162 | D:1      | Slain by a hobgoblin

Levels and vault maps discovered:
D:1:      roderic_crop_circles_arrival_small, layout_basic

Action                   || total
-------------------------++-------
Melee: Unarmed           ||     4
Throw: Dart              ||     9
 Cast: Magic Dart        ||     9
Armor: Robe              ||     3
Dodge: Dodged            ||    23

Table legend:
 A = Non-vault XP
 B = Vault XP
 C = Vault XP percentage of total XP
 D = Non-vault monster count
 E = Vault monster count
 F = Vault count percentage of total count
                 A         B        C        D         E       F
            +---------+---------+-------+---------+---------+-------
      Total |       6 |       0 |   0.0 |       3 |       0 |   0.0
            +---------+---------+-------+---------+---------+-------
        D:1 |       6 |       0 |   0.0 |       3 |       0 |   0.0
            +---------+---------+-------+---------+---------+-------
